| TOP OF THE 1ST |
|
Columbus Reds batting - Pitching for Hamilton Cardinals : LHP Dave Ashby
|
|
Pitching: LHP Dave Ashby
|
|
|
Batting: LHB Alex Ramos
|
0-0: Ball 1-0: Foul Ball, location: 2F 1-1: Ball 2-1: Ball 3-1: Called Strike 3-2: Base on Balls
|
|
Batting: RHB Tony Camacho
|
0-0: Foul Ball, location: 2F 0-1: Foul Ball, location: 2F 0-2: Strikes out swinging
|
|
Batting: RHB Aaron Barraza
|
0-0: Ball 1-0: Swinging Strike 1-1: Ball 2-1: Foul Ball, location: 2F 2-2: Strikes out swinging
|
|
Pitching: RHP Norietsu Higashi
|
|
|
Batting: RHB Ji-an See-to
|
0-0: Ball 1-0: Ball Alex Ramos steals 2nd base 2-0: Ball 3-0: Called Strike 3-1: Base on Balls
|
|
Batting: SHB Eddie Crawford
|
0-0: Called Strike 0-1: Ball 1-1: Foul Ball, location: 2F 1-2: Ball 2-2: Strikes out swinging
|
| Top of the 1st over - 0 runs, 0 hits, 0 errors, 2 left on base; Columbus 0 - Hamilton 0 |
| BOTTOM OF THE 1ST |
|
Hamilton Cardinals batting - Pitching for Columbus Reds : RHP Jim Linseman
|
|
Pitching: RHP Jim Linseman
|
|
|
Batting: RHB Kevin Kelly
|
0-0: Ball 1-0: Fly out, F9 (Flyball, 9, EV 78.1 MPH)
|
|
Batting: RHB Matt Shaw
|
0-0: Called Strike 0-1: Called Strike 0-2: Ball 1-2: Ball 2-2: Ball 3-2: Base on Balls
|
|
Batting: LHB Jonathan Barker
|
0-0: Called Strike 0-1: TRIPLE (Flyball, 89XD, EV 110.6 MPH) Matt Shaw scores
|
|
Batting: SHB Jae-hong Kym
|
0-0: Foul Ball, location: 2F 0-1: Foul Ball, location: 2F 0-2: Ground out 5-3 (Groundball, 56, EV 90.6 MPH) Jonathan Barker scores
|
|
Batting: LHB Josh Levin
|
0-0: Ball 1-0: Called Strike 1-1: Swinging Strike 1-2: Foul Ball, location: 2F 1-2: Strikes out swinging
|
| Bottom of the 1st over - 2 runs, 1 hit, 0 errors, 0 left on base; Columbus 0 - Hamilton 2 |
| TOP OF THE 2ND |
|
Columbus Reds batting - Pitching for Hamilton Cardinals : RHP Norietsu Higashi
|
|
Batting: LHB Gabe Morales
|
0-0: Ground out 6-3 (Groundball, 6M, EV 100.6 MPH)
|
|
Batting: RHB Jorge Velez
|
0-0: Ball 1-0: Ground out 5-3 (Groundball, 56S, EV 85.6 MPH)
|
|
Batting: RHB Cornholdo Schwerin
|
0-0: Swinging Strike 0-1: Fly out, F4 (Line Drive, 34, EV 68.1 MPH)
|
| Top of the 2nd over - 0 runs, 0 hits, 0 errors, 0 left on base; Columbus 0 - Hamilton 2 |
| BOTTOM OF THE 2ND |
|
Hamilton Cardinals batting - Pitching for Columbus Reds : RHP Jim Linseman
|
|
Batting: LHB Steven Higgs
|
0-0: Called Strike 0-1: Ball 1-1: Called Strike 1-2: Ball 2-2: Strikes out looking
|
|
Batting: RHB Jeff Gale
|
0-0: Called Strike 0-1: Ball 1-1: Swinging Strike 1-2: Ball 2-2: Ball 3-2: Foul Ball, location: 2F 3-2: Foul Ball, location: 2F 3-2: Fly out, F9 (Flyball, 9, EV 71.9 MPH)
|
|
Batting: RHB Oscar Higareda
|
0-0: Foul Ball, location: 2F 0-1: Ball 1-1: Ball 2-1: Called Strike 2-2: Ball 3-2: Base on Balls
|
|
Batting: LHB John Stewart
|
0-0: Ball Oscar Higareda steals 2nd base (no throw) 1-0: Ground out 4-3 (Groundball, 4, EV 91.2 MPH)
|
| Bottom of the 2nd over - 0 runs, 0 hits, 0 errors, 1 left on base; Columbus 0 - Hamilton 2 |
| TOP OF THE 3RD |
|
Columbus Reds batting - Pitching for Hamilton Cardinals : RHP Norietsu Higashi
|
|
Batting: RHB Nick Partain
|
0-0: Called Strike 0-1: Called Strike 0-2: Ball 1-2: Foul Ball, location: 2F 1-2: Ball 2-2: Strikes out looking
|
|
Batting: LHB Alex Ramos
|
0-0: Called Strike 0-1: Called Strike 0-2: Ball 1-2: Ball 2-2: Ball 3-2: Base on Balls
|
|
Batting: RHB Tony Camacho
|
0-0: Called Strike Alex Ramos steals 2nd, throwing error, E2 Alex Ramos to third 0-1: Ball 1-1: Swinging Strike 1-2: Ball 2-2: Ground out 3-1 (Groundball, 34, EV 104.4 MPH) Alex Ramos scores
|
|
Batting: RHB Aaron Barraza
|
0-0: Foul Ball, location: 2F 0-1: Ball 1-1: SINGLE (Line Drive, 8RS, EV 89.4 MPH)
|
|
Batting: RHB Ji-an See-to
|
0-0: Ball 1-0: Ball 2-0: Called Strike 2-1: Foul Ball, location: 2F 2-2: Ball 3-2: Foul Ball, location: 2F 3-2: Base on Balls Aaron Barraza to second
|
|
Batting: SHB Eddie Crawford
|
0-0: Called Strike 0-1: Ball 1-1: Ball 2-1: Ball 3-1: Called Strike 3-2: Ground out 1-3 (Groundball, P, EV 62.5 MPH)
|
| Top of the 3rd over - 1 run, 1 hit, 1 error, 2 left on base; Columbus 1 - Hamilton 2 |
| BOTTOM OF THE 3RD |
|
Hamilton Cardinals batting - Pitching for Columbus Reds : RHP Jim Linseman
|
|
Batting: RHB Kevin Kelly
|
0-0: SINGLE (Line Drive, 89S, EV 105.0 MPH)
|
|
Batting: RHB Matt Shaw
|
0-0: Fly out, F8 (Flyball, 8RXD, EV 106.2 MPH)
|
|
Batting: LHB Jonathan Barker
|
0-0: Called Strike 0-1: Ball Passed Ball! Kevin Kelly to second 1-1: Called Strike 1-2: DOUBLE (Groundball, 5L, EV 108.8 MPH) Kevin Kelly scores
|
|
Batting: SHB Jae-hong Kym
|
0-0: SINGLE (Flyball, 5D, EV 82.5 MPH) Jonathan Barker to third
|
|
Batting: LHB Josh Levin
|
0-0: Ball 1-0: Called Strike 1-1: Swinging Strike 1-2: Fly out, F9 (Flyball, 89S, EV 83.8 MPH)
|
|
Batting: LHB Steven Higgs
|
0-0: Swinging Strike 0-1: Ball 1-1: Ball 2-1: Ball 3-1: Called Strike 3-2: Strikes out looking
|
| Bottom of the 3rd over - 1 run, 3 hits, 0 errors, 2 left on base; Columbus 1 - Hamilton 3 |
| TOP OF THE 4TH |
|
Columbus Reds batting - Pitching for Hamilton Cardinals : RHP Norietsu Higashi
|
|
Batting: LHB Gabe Morales
|
0-0: Ball 1-0: Foul Ball, location: 2F 1-1: Ball 2-1: Swinging Strike 2-2: Strikes out swinging
|
|
Batting: RHB Jorge Velez
|
0-0: Ball 1-0: Swinging Strike 1-1: Hit by Pitch
|
|
Pinch Hitting: SHB Bill Dissette
|
0-0: Ball 1-0: Foul Ball, location: 2F 1-1: Swinging Strike 1-2: TRIPLE (Flyball, 9LD, EV 90.0 MPH) Jorge Velez scores
|
|
Pinch Hitting: LHB Jamel Wilhite
|
0-0: Called Strike 0-1: Ground out 6-3 (Groundball, 6, EV 84.4 MPH) Bill Dissette scores
|
|
Batting: LHB Alex Ramos
|
0-0: Called Strike 0-1: Ball 1-1: SINGLE (Groundball, 4M, EV 83.8 MPH) (infield hit)
|
|
Batting: RHB Tony Camacho
|
0-0: Called Strike 0-1: Fly out, F9 (Flyball, 89S, EV 83.1 MPH)
|
| Top of the 4th over - 2 runs, 2 hits, 0 errors, 1 left on base; Columbus 3 - Hamilton 3 |
| BOTTOM OF THE 4TH |
|
Hamilton Cardinals batting - Pitching for Columbus Reds : RHP Jim Linseman
|
|
Now at 2B: Matt Carman
|
|
|
Now in CF: Alex Ruybalid
|
|
|
Batting: RHB Jeff Gale
|
0-0: Ball 1-0: Ball 2-0: SINGLE (Line Drive, 56D, EV 108.1 MPH)
|
|
Batting: RHB Oscar Higareda
|
0-0: Ball 1-0: Ball 2-0: SINGLE (Groundball, 23, EV 74.4 MPH) (infield hit) Jeff Gale to second
|
|
Batting: LHB John Stewart
|
0-0: Ball 1-0: SINGLE (Line Drive, 4MD, EV 96.9 MPH) Jeff Gale to third Oscar Higareda to second Runner from 3rd tries for Home, SAFE, throw by CF to home
|
|
Batting: RHB Kevin Kelly
|
0-0: Ball 1-0: Fly out, F5 (Line Drive, 5, EV 65.6 MPH)
|
|
Batting: RHB Matt Shaw
|
0-0: Reached on error, E5 (Groundball, 56, EV 99.4 MPH) Oscar Higareda to third John Stewart to second
|
|
Batting: LHB Jonathan Barker
|
0-0: Foul Ball, location: 2F 0-1: Called Strike 0-2: Ball 1-2: Ball 2-2: GRAND SLAM HOME RUN (Flyball, 9D, EV 101.2 MPH), Distance : 381 ft
|
|
Pitching: RHP Jaiden Triplett
|
|
|
Batting: SHB Jae-hong Kym
|
0-0: Foul Ball, location: 2F 0-1: Ball 1-1: Ball 2-1: Fly out, F9 (Flyball, 89S, EV 94.4 MPH)
|
|
Batting: LHB Josh Levin
|
0-0: Ball 1-0: Swinging Strike 1-1: Foul Ball, location: 2F 1-2: Strikes out swinging
|
| Bottom of the 4th over - 5 runs, 4 hits, 1 error, 0 left on base; Columbus 3 - Hamilton 8 |
| TOP OF THE 5TH |
|
Columbus Reds batting - Pitching for Hamilton Cardinals : RHP Norietsu Higashi
|
|
Batting: RHB Aaron Barraza
|
0-0: Called Strike 0-1: Foul Ball, location: 2F 0-2: Foul Ball, location: 2F 0-2: Ball 1-2: Strikes out looking
|
|
Batting: RHB Ji-an See-to
|
0-0: Ball 1-0: Foul Ball, location: 2F 1-1: Foul Ball, location: 2F 1-2: Ball 2-2: DOUBLE (Line Drive, 9LM, EV 91.9 MPH)
|
|
Batting: SHB Eddie Crawford
|
0-0: 2-RUN HOME RUN (Flyball, 9D, EV 103.1 MPH), Distance : 390 ft
|
|
Pitching: RHP Ricky Pichardo
|
|
|
Batting: LHB Gabe Morales
|
0-0: Swinging Strike 0-1: Ball 1-1: Called Strike 1-2: Ball 2-2: Foul Ball, location: 2F 2-2: Ball 3-2: Strikes out swinging
|
|
Batting: RHB Jorge Velez
|
0-0: Ball 1-0: Called Strike 1-1: Foul Ball, location: 2F 1-2: Ball 2-2: SINGLE (Groundball, 6MD, EV 96.2 MPH)
|
|
Batting: RHB Matt Carman
|
0-0: SINGLE (Groundball, 4MD, EV 96.9 MPH) Jorge Velez to second Runner from 2nd tries for 3rd, SAFE, no throw by CF
|
|
Batting: RHB Alex Ruybalid
|
0-0: Ball 1-0: Ball 2-0: Swinging Strike 2-1: Ball 3-1: Foul Ball, location: 2F 3-2: Strikes out swinging
|
| Top of the 5th over - 2 runs, 4 hits, 0 errors, 2 left on base; Columbus 5 - Hamilton 8 |
| BOTTOM OF THE 5TH |
|
Hamilton Cardinals batting - Pitching for Columbus Reds : RHP Jaiden Triplett
|
|
Batting: LHB Steven Higgs
|
0-0: Ball 1-0: Called Strike 1-1: Ball 2-1: Ball 3-1: Foul Ball, location: 2F 3-2: Strikes out swinging
|
|
Batting: RHB Jeff Gale
|
0-0: Ball 1-0: Ball 2-0: Called Strike 2-1: Foul Ball, location: 9LSF, Error on foul ball, E9 2-2: Ball 3-2: Ground out 5-3 (Groundball, 56, EV 96.2 MPH)
|
|
Batting: RHB Oscar Higareda
|
0-0: SINGLE (Flyball, 4D, EV 90.6 MPH)
|
|
Batting: LHB John Stewart
|
0-0: Called Strike Pickoff Throw to First - Error! E1 Oscar Higareda to second 0-1: Swinging Strike 0-2: Ball 1-2: Ball 2-2: Strikes out swinging
|
| Bottom of the 5th over - 0 runs, 1 hit, 2 errors, 1 left on base; Columbus 5 - Hamilton 8 |
| TOP OF THE 6TH |
|
Columbus Reds batting - Pitching for Hamilton Cardinals : RHP Ricky Pichardo
|
|
Batting: LHB Alex Ramos
|
0-0: Called Strike 0-1: Ball 1-1: Ball 2-1: Ball 3-1: Swinging Strike 3-2: Base on Balls
|
|
Batting: RHB Tony Camacho
|
0-0: Ball Alex Ramos steals 2nd base 1-0: Ball 2-0: Ball 3-0: Called Strike 3-1: Ground out 4-3 (Groundball, 4, EV 89.4 MPH) Alex Ramos to third
|
|
Batting: RHB Aaron Barraza
|
0-0: Called Strike 0-1: Ball 1-1: Fly out, F8 (Line Drive, 8RD, EV 94.4 MPH) Runner from 3rd tags up, SCORES, throw by CF
|
|
Batting: RHB Ji-an See-to
|
0-0: Called Strike 0-1: Ball 1-1: Swinging Strike 1-2: Foul Ball, location: 2F 1-2: Ball 2-2: DOUBLE (Flyball, 9D, EV 96.2 MPH)
|
|
Batting: SHB Eddie Crawford
|
0-0: Called Strike 0-1: Ball 1-1: Foul Ball, location: 2F 1-2: Ball 2-2: Ground out U3 (Groundball, 34S, EV 79.4 MPH)
|
| Top of the 6th over - 1 run, 1 hit, 0 errors, 1 left on base; Columbus 6 - Hamilton 8 |
| BOTTOM OF THE 6TH |
|
Hamilton Cardinals batting - Pitching for Columbus Reds : RHP Jaiden Triplett
|
|
Batting: RHB Kevin Kelly
|
0-0: Ball 1-0: Ground out 4-3 (Groundball, 34, EV 101.9 MPH)
|
|
Batting: RHB Matt Shaw
|
0-0: Swinging Strike 0-1: Swinging Strike 0-2: Ball 1-2: Strikes out swinging
|
|
Pitching: LHP Steve Broeske
|
|
|
Batting: LHB Jonathan Barker
|
0-0: Ground out 6-3 (Groundball, 6, EV 103.8 MPH)
|
| Bottom of the 6th over - 0 runs, 0 hits, 0 errors, 0 left on base; Columbus 6 - Hamilton 8 |
| TOP OF THE 7TH |
|
Columbus Reds batting - Pitching for Hamilton Cardinals : RHP Ricky Pichardo
|
|
Batting: LHB Gabe Morales
|
0-0: Ball 1-0: Foul Ball, location: 2F 1-1: Ground out 4-3 (Groundball, 4, EV 86.2 MPH)
|
|
Pinch Hitting: SHB Colin Black
|
0-0: Ball 1-0: Swinging Strike 1-1: Ball 2-1: Foul Ball, location: 2F 2-2: Ball 3-2: Strikes out swinging
|
|
Batting: RHB Matt Carman
|
0-0: Ball 1-0: SINGLE (Groundball, 56S, EV 68.8 MPH) (infield hit)
|
|
Pitching: RHP Colt Robinson
|
|
|
Batting: RHB Alex Ruybalid
|
0-0: Called Strike 0-1: Ball Matt Carman steals 2nd base 1-1: Ball 2-1: Foul Ball, location: 2F 2-2: Strikes out swinging
|
| Top of the 7th over - 0 runs, 1 hit, 0 errors, 1 left on base; Columbus 6 - Hamilton 8 |
| BOTTOM OF THE 7TH |
|
Hamilton Cardinals batting - Pitching for Columbus Reds : LHP Steve Broeske
|
|
Now at 3B: Colin Black
|
|
|
Batting: SHB Jae-hong Kym
|
0-0: Ground out 4-3 (Groundball, 4S, EV 68.1 MPH)
|
|
Batting: LHB Josh Levin
|
0-0: Called Strike 0-1: SINGLE (Line Drive, 4MD, EV 100.0 MPH)
|
|
Batting: LHB Steven Higgs
|
0-0: Foul Ball, location: 2F 0-1: Called Strike 0-2: Ball 1-2: Ball 2-2: Ball 3-2: Strikes out swinging
|
|
Batting: RHB Jeff Gale
|
0-0: Fly out, F7 (Line Drive, 78M, EV 105.6 MPH)
|
| Bottom of the 7th over - 0 runs, 1 hit, 0 errors, 1 left on base; Columbus 6 - Hamilton 8 |
| TOP OF THE 8TH |
|
Columbus Reds batting - Pitching for Hamilton Cardinals : RHP Colt Robinson
|
|
Batting: LHB Alex Ramos
|
0-0: Called Strike 0-1: Foul Ball, location: 2F 0-2: Foul Ball, location: 2F 0-2: Ball 1-2: Strikes out swinging
|
|
Batting: RHB Tony Camacho
|
0-0: Foul Ball, location: 2F 0-1: Ball 1-1: Ball 2-1: Foul Ball, location: 2F 2-2: Strikes out swinging
|
|
Batting: RHB Aaron Barraza
|
0-0: Ball 1-0: Ball 2-0: Swinging Strike 2-1: Swinging Strike 2-2: Strikes out swinging
|
| Top of the 8th over - 0 runs, 0 hits, 0 errors, 0 left on base; Columbus 6 - Hamilton 8 |
| BOTTOM OF THE 8TH |
|
Hamilton Cardinals batting - Pitching for Columbus Reds : LHP Steve Broeske
|
|
Batting: RHB Oscar Higareda
|
0-0: Called Strike 0-1: Called Strike 0-2: Fly out, F8 (Line Drive, 8RD, EV 98.1 MPH)
|
|
Batting: LHB John Stewart
|
0-0: Ball 1-0: Ball 2-0: Ground out 4-3 (Groundball, 4, EV 78.8 MPH)
|
|
Batting: RHB Kevin Kelly
|
0-0: Fly out, F8 (Flyball, 8RM, EV 82.5 MPH)
|
| Bottom of the 8th over - 0 runs, 0 hits, 0 errors, 0 left on base; Columbus 6 - Hamilton 8 |
| TOP OF THE 9TH |
|
Columbus Reds batting - Pitching for Hamilton Cardinals : RHP Colt Robinson
|
|
Pitching: LHP Kevin Snider
|
|
|
Batting: RHB Ji-an See-to
|
0-0: Ball 1-0: Called Strike 1-1: Called Strike 1-2: Strikes out swinging
|
|
Batting: SHB Eddie Crawford
|
0-0: Foul Ball, location: 2F 0-1: Ball 1-1: Swinging Strike 1-2: Strikes out looking
|
|
Batting: LHB Gabe Morales
|
0-0: Ball 1-0: Called Strike 1-1: Fly out, F7 (Flyball, 78M, EV 83.8 MPH)
|
| Top of the 9th over - 0 runs, 0 hits, 0 errors, 0 left on base; Columbus 6 - Hamilton 8 |
|